Zazza, neutral female human Tourist --- ---- ---- -- .| ----..-- |..-- --.------ .| ---......| --...-- |....--.-- -- - |.-- |........-- ---.....| -.).....--.--- . |..| |.........---.......| --............| --.- ..-- --- --....--............| |.....^.......| ... ...--..- --..--|...--.....--- --............-- ---- ---.. ...... |..| |.---|.....| ---..|........| --- |..----- --... ..... --.| |.| --.---- ---|.......-- --.--|......| |...- |.... -- |.|--.| |.| ---......-- |...###-....-----...| |...| |.--.|...| |.| |..*-....| --..| |.|....|....- |.. |....|.--- |.| ---......--- |.-- |.|---......-------.--- --.....| |.| |........| |.| |.| |.........*...*..------ ------.--- |.--- ---.|.....-- |.| |.| ---....-.------.......|-- |.[--|.| |..[----- |...|.|^..| |.--- |.| |.>......-- |..----.|.| --..#|.| --....|..---.....|-..| |...|-|.| |-....^...| ---- --...-- ---.|)| |...............--|..-- ---.|.|.-- |.........######f@.a..a-----.<.-- |.....[..---[..----*..| |......| --........| |...........[..| |.....(--- |...||....-- --..|..| ----.--.-- ---..|.----.|.-- |..|..-- --.--|..--- ------- ------ ------ ----- ------- --- --- Zazza the Excursionist Experience level: 6 Strength: 10 Dexterity: 14 Constitution: 14 Intelligence: 14 Wisdom: 9 Charisma: 14 Health: 0(41) Energy: 18(18) Def: 8 Gold: 0 Moves: 5138 Dungeon seed: yatluZwkmVc5G85s Game ID: Zazza_1532902905 Your Inventory: Weapons a - 37 +2 darts d - a blessed +1 dagger (weapon in hand) o - 12 +0 darts p - a +7 dart w - 2 +0 daggers E - a cursed +0 elven dagger (in quiver) K - a blessed +2 orcish dagger P - the rustproof +0 Vorpal Blade Armor e - an uncursed +0 Hawaiian shirt (being worn) m - an uncursed +0 pair of iron shoes (being worn) D - an uncursed +0 orcish helm (being worn) G - an uncursed +0 elven mithril-coat (being worn) I - an uncursed +0 dwarvish cloak (being worn) U - an uncursed +0 mummy wrapping Comestibles b - an uncursed egg c - an uncursed food ration q - an uncursed egg t - an uncursed clove of garlic x - an uncursed slime mold Scrolls h - 3 uncursed scrolls of magic mapping F - a cursed scroll of create monster W - an uncursed scroll of teleportation Potions g - an uncursed potion of extra healing r - an uncursed potion of sleeping S - an uncursed potion of water Rings s - an uncursed ring of regeneration Wands N - a wand of striking (0:1) O - a wand of sleep (0:6) V - a wand of create monster (0:6) Tools i - an expensive camera (0:65) j - an uncursed credit card k - an uncursed mirror l - an uncursed mirror u - a +0 pick-axe v - 6 uncursed tallow candles (0:200) M - 7 cursed tallow candles (0:200) Q - 7 uncursed wax candles (0:400) T - an uncursed towel Z - an uncursed tin whistle Gems n - 2 uncursed worthless pieces of green glass y - an uncursed worthless piece of blue glass z - an uncursed worthless piece of red glass Y - an uncursed fluorite stone Spells and supernatural/magical abilities: Name Level Category Fail Memory W - pray for help -- divine ? -- Your skills at the end: Fighting Skills Weapon Skills dagger [Basic] dart [Basic] Spellcasting Skills Final Attributes: You were piously aligned. You were telepathic. You are dead. Vanquished creatures: a housecat a gnome mummy a human zombie a wood nymph a water nymph an orc shaman a pony a shrieker 2 gnome lords a gnomish wizard a straw golem a giant ant a little dog 4 floating eyes 4 dwarves 3 iguanas 6 killer bees 3 acid blobs 2 hobbits 5 manes 2 large kobolds 2 hobgoblins 4 giant rats a yellow mold 4 green molds a red mold 9 gnomes 2 garter snakes 4 geckos 6 jackals a kobold 5 goblins 3 sewer rats 10 grid bugs 2 lichens 7 newts 104 creatures vanquished. Voluntary challenges: You used a wielded weapon 64 times, starting on turn 640. You read items or engraved 1 time, starting on turn 1959. You never genocided any monsters. You never polymorphed an object. You never changed form. You used no wishes. You never split a pudding. You never wrote Elbereth's name. You violated your moral code, losing 2 points of alignment, starting on turn 2504. Dungeon overview: The Dungeons of Doom: levels 1 to 4 Level 1 a fountain a long staircase Level 2 Level 3 an altar to The Lady Level 4 many fountains stairs to The Gnomish Mines The Gnomish Mines: Level 5 <- You were here stairs to The Dungeons of Doom History has recorded: On T:1 you entered the Dungeons of Doom to retrieve the Amulet of Yendor! On T:638 you reached level 2 of The Dungeons of Doom. On T:1091 you reached level 3 of The Dungeons of Doom. On T:1829 you advanced to experience level 2. On T:1865 you advanced to experience level 3. On T:2955 you advanced to experience level 4. On T:3022 you received Vorpal Blade from The Lady. On T:3098 you reached level 4 of The Dungeons of Doom. On T:3706 you reached level 1 of The Gnomish Mines. On T:3964 you advanced to experience level 5. On T:5122 you advanced to experience level 6. Score breakdown: Gold: 0 ( 0 points) Experience: 6 levels (12456 points) Exploration: 5 levels ( 9.43%) ( 8320 points) Discoveries: 5 items ( 1.68%) ( 3885 points) Valuables value: (no points given unless you survive) Artifact value: 4000 (12253 points) Variety of kills: 36 monsters ( 9.45%) ( 9221 points) Turncount: 5138 turns (-1394 points) Survival: died (score multiplied by 80%) Total score: 35792 Latest messages: The killer bee stings! You kill the killer bee! You displace Armand. You miss it. The killer bee misses. You miss it. The killer bee misses. The killer bee stings! You miss it. The killer bee stings! You kill the killer bee! The killer bee stings! You hit it. The killer bee misses. You miss it. The killer bee stings! The killer bee misses. You hit it. The killer bee stings! You see here 2 killer bee corpses. Ecch - that must have been poisonous! Your movements are slowed slightly because of your load. You die... Final status: Aloha Zazza the Tourist, killed by a poisonous corpse... You died in The Gnomish Mines on dungeon level 5 with 35792 points, and 0 pieces of gold, after 5138 moves. You were level 6 with a maximum of 41 hit points when you died.